 Dungeon Crawl Stone Soup version 0.16-a0-787-g31dbbe7 (webtiles) character file.

134 Psiweapon the Caller (level 4, -1/39 HPs)
             Began as a Troll Summoner on Sept 26, 2014.
             Slain by Crazy Yiuf
             ... wielding a +3 quarterstaff of chaos
              (14 damage)
             ... on Level 3 of the Dungeon.
             The game lasted 00:10:02 (2261 turns).

Psiweapon the Caller (Troll Summoner)               Turns: 2261, Time: 00:10:03

HP  -1/39        AC  5     Str 16      XL: 4   Next: 95%
MP   1/4         EV  9     Int 12      God:
Gold 173         SH  0     Dex 10      Spells:  2 memorised,  2 levels left

rFire  . . .     SeeInvis .       - Unarmed
rCold  . . .     Clarity  .     a - +0 robe
rNeg   . . .     rCorr    .     (shield restricted)
rPois  .         rRot     .     (helmet restricted)
rElec  .         Spirit   .     (no cloak)
SustAb .         Warding  .     (gloves unavailable)
rMut   .         Stasis   .     (boots unavailable)
Gourm  +                        (no amulet)
MR     .....                    (no ring)
                                (no ring)

@: lethally poisoned, not resistant to hostile enchantments, very unstealthy
A: unfitting armour, claws 3, fast metabolism 3, gourmand, regeneration 2,
saprovore 2, shaggy fur 1, tough skin 2
a: no special abilities


You were on level 3 of the Dungeon.
You were very full.

You visited 1 branch of the dungeon, and saw 3 of its levels.

You collected 173 gold pieces.

Inventory:

Hand weapons
 g - a +0 spear
 w - a +0 blowgun
Missiles
 j - 8 javelins (quivered)
 x - 6 curare-tipped needles
Armour
 a - a +0 robe (worn)
Comestibles
 c - 2 meat rations
 h - 2 bread rations
 l - 2 slices of pizza
 t - a rotting chunk of adder flesh
 u - a rotting chunk of giant newt flesh
 v - 4 fruits
 z - a chunk of giant gecko flesh
 A - a chunk of rat flesh
Scrolls
 d - 2 scrolls of recharging {unknown}
 i - 2 scrolls of identify {unknown}
 o - 3 scrolls of remove curse {unknown}
 p - a scroll of enchant weapon {unknown}
Jewellery
 k - an uncursed amulet of faith {unknown}
Potions
 e - a potion of heal wounds {unknown}
 f - a potion of lignification {unknown}
 m - a potion of might {unknown}
 n - a potion of poison {unknown}
 q - a potion of resistance {unknown}
 r - 3 potions of curing {unknown}
 s - 2 potions of flight {unknown}
Books
 b - a book of Callings

   Spells                             Type                      Level
   *Summon Small Mammal               Summoning                    1
   *Call Imp                          Summoning                    2
   Call Canine Familiar               Summoning                    3
   Summon Guardian Golem              Hexes/Summoning              4
   Summon Lightning Spire             Summoning/Air                4
   Summon Ice Beast                   Ice/Summoning                4


   Skills:
 - Level 1.5 Dodging
 - Level 1.1 Stealth
 + Level 3.2 Unarmed Combat
 - Level 1.2 Spellcasting
 + Level 3.9 Summonings


You had 2 spell levels left.
You knew the following spells:

 Your Spells              Type           Power        Failure   Level  Hunger
a - Summon Small Mammal   Summ           ##..         8%          1    ##.....
b - Call Imp              Summ           ##......     12%         2    ###....


Dungeon Overview and Level Annotations

Branches:
Dungeon (3/15)

Altars:
Makhleb

Annotations:
D:3 Crazy Yiuf


Innate Abilities, Weirdness & Mutations

You are too large for most types of armour.
You have claws for hands.
Your metabolism is lightning-fast.
You like to eat raw meat.
You heal very quickly.
You can eat rotten meat.
You are covered in fur (AC +1).
You have very tough skin (AC +2).


Message History

Crazy Yiuf says, "Citrus fast shoe!"
Crazy Yiuf hits your crimson imp with a quarterstaff of chaos.
Your crimson imp flickers and vanishes for a moment.
Your crimson imp barely misses Crazy Yiuf.
You swap places.
Crazy Yiuf misses your crimson imp.
Your crimson imp completely misses Crazy Yiuf.
Crazy Yiuf barely misses your crimson imp.
Your crimson imp blinks! x2
Your crimson imp blinks!
You barely miss Crazy Yiuf.
Crazy Yiuf yells, "Hah chair aubergine!"
Crazy Yiuf hits you with a quarterstaff of chaos!
You are poisoned.
Your crimson imp barely misses Crazy Yiuf.
You scratch Crazy Yiuf.
Crazy Yiuf begins to bleed from his wounds!
Crazy Yiuf is lightly wounded.
You feel sick.
Crazy Yiuf hits you with a quarterstaff of chaos!
You die...

...#
#####...##
..)#
#........#
...#
#.###....#
...# #.#
#....# ..##
#.# ♣P..P♣
%.#########.#
♣.P.♣♣
.###........#
♣♣.♣♣
####.###..###
♣.♣♣
.....#......#
♣♣@♣
####.#.#..#.#
♣g♣♣
####.#.#..#.#
♣♣5♣
#...........#
#5#
#.##.########
... #.##.#
#...# .....#
#..)# .....#
### #####
#.##.## ...#


You could see Crazy Yiuf (bleeding) and 2 friendly crimson imps.

Vanquished Creatures
  A hound (D:3)
  4 adders (D:3)
  A giant mite (D:3)
  2 worms
  3 giant geckos
  An ooze (D:2)
  An orc (D:3)
  2 giant cockroaches
  8 goblins
  5 hobgoblins
  3 jackals (D:1)
  2 quokkas
  A ball python (D:1)
  5 bats
  3 giant newts
  6 kobolds
  4 rats
52 creatures vanquished.

Vanquished Creatures (collateral kills)
  A worm (D:2)
  A goblin (D:1)
2 creatures vanquished.

Vanquished Creatures (others)
  A bat (D:1)
  2 rats (D:1)
3 creatures vanquished.

Grand Total: 57 creatures vanquished

Notes
Turn   | Place    | Note
--------------------------------------------------------------
     0 | D:1      | Psiweapon, the Troll Summoner, began the quest for the Orb.
     0 | D:1      | Reached XP level 1. HP: 16/16 MP: 2/2
    22 | D:1      | Reached skill level 3 in Summonings
   167 | D:2      | Reached skill level 1 in Unarmed Combat
   297 | D:1      | Reached XP level 2. HP: 19/24 MP: 0/2
   342 | D:1      | Learned a level 2 spell: Call Imp
  1123 | D:2      | Reached XP level 3. HP: 28/31 MP: 3/3
  1734 | D:3      | Reached XP level 4. HP: 32/39 MP: 1/4
  1749 | D:3      | Found a burning altar of Makhleb.
  2249 | D:3      | Noticed Crazy Yiuf
  2261 | D:3      | Slain by Crazy Yiuf

Action                   |  1- 3 |  4- 6 || total
-------------------------+-------+-------++-------
Melee: Unarmed           |   145 |    55 ||   200
 Cast: Summon Small Mamm |     8 |       ||     8
       Call Imp          |     7 |     5 ||    12
 Stab: Distracted        |     1 |       ||     1
       Sleeping          |     1 |       ||     1
  Eat: Chunk             |    21 |     5 ||    26
